 Dungeon Crawl Stone Soup version 0.31.0-32-g396128a36d (webtiles) character file.

Game seed: 17778717589665191209

6398 Gabide the Destroyer (level 10, -5/83 HPs)
             Began as a Green Draconian Conjurer on Apr 6, 2024.
             Was a Follower of Vehumet.
             Shot with an arrow by a centaur warrior (16 damage)
             ... on level 8 of the Dungeon.
             The game lasted 00:34:20 (11521 turns).

Gabide the Destroyer (Green Draconian Conjurer)    Turns: 11521, Time: 00:34:20

Health: -5/83      AC: 12    Str:  9    XL:     10   Next: 66%
Magic:  16/23      EV: 17    Int: 23    God:    Vehumet [*.....]
Gold:   588        SH:  0    Dex: 10    Spells: 18/27 levels left

rFire   . . .        a - +6 shillelagh "Devastator" {shatter}
rCold   . . .        (no shield)
rNeg    . . .        (body armour unavailable)
rPois   +            (helmet restricted)
rElec   .            k - +2 cloak
rCorr   .            h - +1 pair of gloves
SInv    .            (no boots)
Will    +....        q - amulet of magic regeneration
Stlth   ++           c - +5 ring of evasion
HPRegen 0.33/turn    y - ring of willpower
MPRegen 0.58/turn

%: no passive effects
@: short of breath, studying Ranged Weapons
A: breathe noxious fumes, AC +7, unfitting armour, poison resistance,
cold-blooded
a: Breathe Noxious Fumes, Renounce Religion


You were on level 8 of the Dungeon.
You worshipped Vehumet.
Vehumet was aware of your devotion.
You visited 2 branches of the dungeon, and saw 9 of its levels.

You collected 588 gold pieces.

Inventory:

Hand Weapons
 a - the +6 shillelagh "Devastator" (weapon) {shatter}
   (You found it on level 8 of the Dungeon)
 b - a +2 short sword of draining
Missiles
 v - 3 throwing nets
Armour
 h - a +1 pair of gloves (worn)
 k - a +2 cloak (worn)
Jewellery
 c - a +5 ring of evasion (left hand)
 d - a ring of see invisible
 q - an amulet of magic regeneration (around neck)
 s - a ring of protection from cold
 t - a ring of flight
 y - a ring of willpower (right hand)
Wands
 r - a wand of mindburst (26)
Scrolls
 m - 6 scrolls of teleportation
 p - 2 scrolls of blinking
 u - a scroll of vulnerability
 x - a scroll of immolation
 z - a scroll of identify
Potions
 e - 3 potions of brilliance
 f - 3 potions of haste
 g - 5 potions of heal wounds
 i - a potion of magic
 j - a potion of berserk rage
 l - 2 potions of enlightenment
 n - 2 potions of curing
 o - a potion of attraction {unknown}
 w - 2 potions of mutation


   Skills:
 - Level 6.0 Fighting
 - Level 3.0 Dodging
 - Level 3.0 Stealth
 + Level 9.1 Spellcasting
 + Level 9.2 Conjurations
 + Level 9.2 Alchemy


You had 18 spell levels left.
You knew the following spells:

 Your Spells              Type           Power      Damage    Failure   Level
a - Magic Dart            Conj           100%       1d8       1%          1
b - Searing Ray           Conj           100%       2d8       1%          2
c - Fulminant Prism       Conj/Alch      26%        3d13      1%          4
d - Blink                 Tloc           20%        N/A       10%         2

Your spell library contained the following spells:

 Spells                   Type           Power      Damage    Failure   Level
 Shock                    Conj/Air       100%       1d9       1%          1
 Momentum Strike          Conj/Tloc      62%        3d9       1%          2
 Static Discharge         Conj/Air       62%        3-6/arc   1%          2
 Lesser Beckoning         Tloc           20%        N/A       10%         2
 Iskenderun's Mystic Bla  Conj/Tloc      31%        2d8       10%         4
 Airstrike                Air            5%         2d(1-17)  52%         4
 Summon Lightning Spire   Summ/Air       10%        N/A       52%         4
 Summon Forest            Summ/Tloc      5%         N/A       86%         5
 Summon Mana Viper        Hex/Summ       10%        N/A       86%         5
 Summon Cactus Giant      Summ           5%         N/A       100%        6


Dungeon Overview and Level Annotations

Branches:
Dungeon (8/15)             Temple (1/1) D:7
   Lair: D:8-11

Altars:
Ashenzari
Cheibriados
Dithmenos
Elyvilon
Fedhas
Gozag
Hepliaklqana
Kikubaaqudgha
Nemelex Xobeh
Okawaru
Qazlal
Sif Muna
Trog
Uskayaw
Vehumet
Wu Jian
Xom
Yredelemnul
Zin
The Shining One

Shops:
D:3 (   D:4 =   D:6 ?

Annotations:
D:8 1 transporter


Innate Abilities, Weirdness & Mutations

You can breathe blasts of noxious fumes.
Your lurid green scales are hard. (AC +7)
You cannot fit into any form of body armour.
Your system is resistant to poisons. (rPois)
You are cold-blooded and may be slowed by cold attacks.


Message History

The shadow flickers and vanishes!
Deactivating autopickup; reactivate with Ctrl-A.
Your fulminant prism explodes!
The blast of energy engulfs the centaur warrior.
The centaur warrior is heavily wounded.
The blast of energy engulfs something!!
Casting: Fulminant Prism (mildly dangerous; 1% risk of failure)
Confirm with . or Enter, or press ? or * to list all spells.
Aiming: Fulminant Prism (mildly dangerous; 1% risk of failure)
Press: ? - help, Dir - move target You conjure a prism of explosive energy!
A fulminant prism comes into view.
The shadow strikes at you from the darkness!
Reactivating autopickup.
Unknown command.
You hit the shadow.
The shadow is almost destroyed.
The centaur warrior seems less confused.
The centaur warrior wields a +0 shortbow.
The centaur warrior shoots an arrow.
The arrow hits you! The shadow barely misses you.
Your fulminant prism crackles loudly.
The shadow hits you!
Casting: Fulminant Prism (mildly dangerous; 1% risk of failure)
Confirm with . or Enter, or press ? or * to list all spells.
Aiming: Searing Ray (safe; 1% risk of failure)
Press: ? - help, Shift-Dir - straight line The searing ray hits the shadow.
You destroy the shadow!
Vehumet accepts your kill.
The searing ray hits the centaur warrior!
The centaur warrior is severely wounded. (Press . to maintain the ray.)
The centaur warrior shoots an arrow.
The arrow hits you!
* * * LOW HITPOINT WARNING * * *
Your fulminant prism explodes!
The blast of energy engulfs the centaur warrior!
The centaur warrior is almost dead.
The centaur warrior shoots an arrow.
The arrow hits you!
You die...

.# ##..####.....####............
.####..#####...######............
..##..####...........#...........
.##..## #..#########..#..........
###..# #.##.......##.##.........
#..# #.#8.##.##.8#.###........
##.####.#$$##.##.[#.####.......
#......#.$.......#.!#####.....
#.##..©#_$...@©..#©..# ##....
#.###..#.?.....c.#...# ####. ##.#
##.#$[##.##..#...#######.. ##.##
#.#8.##.##.8#.#.......... ##.##
#.##...©...##.##......... ..##
#..#########..########### ..#
##...........## #. .##
#.#######..####### ##. ## ##.#
#........#####..


You could see a centaur warrior.

Vanquished Creatures
  3 two-headed ogres
  A gargoyle (D:8)
  2 hornets
  2 shadows
  A wyvern (D:7)
  A steam dragon (D:7)
  Menkaure (D:6)
  A water moccasin (D:5)
  3 orc warriors (D:6)
  An ice beast (D:7)
  3 black bears
  A sky beast (D:6)
  5 ogres
  3 centaurs
  Blork the orc (D:6)
  3 gnoll sergeants (D:6)
  3 bullfrogs
  A scorpion (D:5)
  3 wights (D:7)
  3 howler monkeys
  An electric eel (D:8)
  A jelly (D:7)
  A bombardier beetle (D:6)
  6 orc priests
  8 hounds
  2 sleepcaps
  A gnoll bouda (D:6)
  3 iguanas
  6 orc wizards
  10 adders
  13 gnolls
  2 shadow imps
  A white imp (D:6)
  2 ufetubi (D:6)
  A ribbon worm (D:2)
  2 dart slugs
  25 orcs
  8 endoplasms
  A giant cockroach (D:3)
  7 goblins
  12 hobgoblins
  6 jackals (D:1)
  6 quokkas
  5 ball pythons
  A bat (D:1)
  6 frilled lizards
  14 kobolds
  6 rats
199 creatures vanquished.

Vanquished Creatures (others)
  88 fulminant prisms
88 creatures vanquished.

Grand Total: 287 creatures vanquished

Notes
Turn   | Place    | Note
-------+----------+-------------------------------------------
     0 | D:1      | Gabide the Draconian Conjurer began the quest for the Orb.
     0 | D:1      | Reached XP level 1. HP: 14/14 MP: 3/3
   246 | D:1      | Reached XP level 2. HP: 22/22 MP: 3/5
   898 | D:1      | Reached skill level 1 in Fighting
  1054 | D:1      | Learned a level 2 spell: Searing Ray
  1055 | D:2      | Found a faded altar of an unknown god.
  1099 | D:2      | Reached XP level 3. HP: 28/28 MP: 0/6
  2039 | D:2      | Reached XP level 4. HP: 35/35 MP: 4/7
  2885 | D:3      | Reached XP level 5. HP: 41/41 MP: 1/9
  3071 | D:3      | Found a hazy altar of Hepliaklqana.
  3306 | D:3      | Noticed a +0 demon blade
  3307 | D:3      | Found Gotsyh's Weapon Boutique.
  3307 | D:3      | Noticed a +0 bardiche
  3546 | D:4      | Found Mesuypte's Jewellery Shop.
  3761 | D:4      | Reached skill level 5 in Conjurations
  3943 | D:4      | Reached XP level 6. HP: 33/48 MP: 3/11
  4122 | D:4      | Found a snail-covered altar of Cheibriados.
  4695 | D:5      | Entered Level 5 of the Dungeon
  5179 | D:5      | Your scales start taking on a lurid green colour.
  5179 | D:5      | Reached XP level 7. HP: 57/57 MP: 1/13
  5179 | D:5      | Gained mutation: Your system is resistant to poisons.
                  | (rPois) [Green Draconian growth]
  5361 | D:5      | Noticed a hornet
  5365 | D:5      | Paralysed by a hornet for 3 turns
  5373 | D:5      | Killed a hornet
  5465 | D:5      | Found an ancient bone altar of Kikubaaqudgha.
  5577 | D:5      | Reached skill level 5 in Spellcasting
  5672 | D:5      | Found a bloodstained altar of Trog.
  5706 | D:5      | Reached XP level 8. HP: 63/63 MP: 7/16
  6154 | D:6      | Reached skill level 5 in Alchemy
  6252 | D:6      | Found a white marble altar of Elyvilon.
  6383 | D:6      | Found a basalt altar of Yredelemnul.
  6668 | D:6      | Found Lulesom's Magic Scroll Emporium.
  6777 | D:6      | Learned a level 4 spell: Fulminant Prism
  6866 | D:6      | Noticed Menkaure
  7060 | D:6      | Reached XP level 9. HP: 71/71 MP: 2/18
  7852 | D:6      | Killed Menkaure
  8062 | D:6      | Noticed Blork the orc
  8067 | D:6      | Killed Blork the orc
  8428 | D:7      | Learned a level 2 spell: Blink
  8444 | D:7      | Found an ornate altar of the Wu Jian Council.
  8575 | D:7      | Found a staircase to the Ecumenical Temple.
  8616 | Temple   | Entered the Ecumenical Temple
  8626 | Temple   | Became a worshipper of Vehumet
  9002 | D:7      | Found a broken altar of Ashenzari.
  9422 | D:7      | Reached skill level 5 in Fighting
  9956 | D:8      | Reached XP level 10. HP: 81/81 MP: 16/21
 10202 | D:8      | Found a transporter.
 10231 | D:8      | Found a transporter.
 10306 | D:8      | Found a shimmering altar of Xom.
 10307 | D:8      | Noticed a centaur warrior
 10366 | D:8      | Found a shadowy altar of Dithmenos.
 10708 | D:8      | Noticed a two-headed ogre
 10713 | D:8      | Noticed a two-headed ogre
 10715 | D:8      | Noticed a gargoyle
 10727 | D:8      | Killed a two-headed ogre
 10727 | D:8      | Killed a two-headed ogre
 10733 | D:8      | Noticed a two-headed ogre
 10986 | D:7      | Killed a two-headed ogre
 11033 | D:8      | Found the +6 shillelagh "Devastator" {shatter}
 11192 | D:8      | Killed a gargoyle
 11192 | D:8      | Reached * piety under Vehumet
 11192 | D:8      | Offered knowledge of Shock by Vehumet.
 11521 | D:8      | Shot with an arrow by a centaur warrior

Illustrated notes

Levels and vault maps discovered:
D:1:      dpeg_arrival_long_road, layout_loops_ring, grunt_decor_fettered,
          feat_on_display
D:2:      layout_basic, chequers_ecumenical_altar_simple
D:3:      layout_basic, nicolae_hepliaklqana_hazy_memory, serial_shops,
          nicolae_shop_mannequins
D:4:      layout_loops_corners, mainiacjoe_overflow_boulevard,
          minmay_shop_enchanted_jewellery
D:5:      layout_loops_ring, bloody_trog, kiku_gazebo_garden_becter
D:6:      kennysheep_housing_project, layout_rooms,
          nicolae_overflow_hidden_temple, elyvilon_altar_3, lemuel_doored_altar,
          serial_shops, shop, feat_on_display, uniq_blork_the_orc, uniq_menkaure
D:7:      layout_loops_ring, evilmike_ruin_ashenzari, nzn_wu_jian_contemplation,
          minmay_temple_entry_glass
D:8:      layout_layer_cave, gammafunk_temple_overflow_arena,
          mainiacjoe_overflow_cross_hatched, serial_bayou_lagoon_a,
          dilly_guarded_unrand_devastator
Temple:   nicolae_temple_bog_church

Skill      XL: |  1  2  3  4  5  6  7  8  9 10 |
---------------+-------------------------------+-----
Dodging        | 2 3 |  3.0
Fighting       | 1 2 3 5 6 |  6.0
Stealth        | 2 3 |  3.0
Spellcasting   | 3 4 5 6 7 9 |  9.1
Conjurations   | 5 6 8 9 |  9.2
Alchemy        | 4 6 8 9 |  9.2

Action                     |  1- 3 |  4- 6 |  7- 9 | 10-12 || total
---------------------------+-------+-------+-------+-------++-------
  Melee: Unarmed           |    20 |       |       |       ||    20
         Tailslap          |     3 |     1 |    11 |     3 ||    18
         Short sword       |     1 |    13 |    78 |     6 ||    98
         Punch             |       |       |     1 |       ||     1
         Shillelagh        |       |       |       |     4 ||     4
   Fire: Sling             |    23 |       |       |    18 ||    41
   Cast: Magic Dart        |    73 |    78 |    55 |    12 ||   218
         Searing Ray       |     1 |    17 |    23 |     2 ||    43
         Fulminant Prism   |       |       |    59 |    29 ||    88
         Blink             |       |       |       |     1 ||     1
Ability: Breathe Noxious F |       |       |    10 |     1 ||    11
    Use: Potion            |     1 |       |       |       ||     1
         Scroll            |     6 |     6 |    12 |       ||    24
   Stab: Sleeping          |       |       |     1 |       ||     1
 Armour: Skin              |    27 |    20 |    75 |    27 ||   149
  Dodge: Dodged            |    62 |    58 |   138 |    38 ||   296
